 Seeded DCSS version 0.30-a0-341-g682706514a (webtiles) character file.

Game seed: 443762047434890301 (custom seed)

17775 NinjaNoafa the Impaler (level 12, 0/107 HPs)
             Began as a Minotaur Fighter on Nov 2, 2022.
             Was an Initiate of Gozag.
             Slain by an eight-headed hydra (3 damage)
             ... on level 3 of the Lair of Beasts.
             The game lasted 00:22:35 (13009 turns).

NinjaNoafa the Impaler (Minotaur Fighter)          Turns: 13009, Time: 00:22:35

Health: 0/107      AC: 21    Str: 26    XL:     12   Next: 21%
Magic:  0/21       EV: 14    Int:  5    God:    Gozag
Gold:   861        SH:  0    Dex:  8    Spells: 11/11 levels left

rFire   . . .      SeeInvis .    J - +5 scythe "Finisher" {speed, eviscerate}
rCold   + . .      Faith    .    (shield currently unavailable)
rNeg    + . .      Spirit   +    D - +6 ring mail of Slovenliness {Will+}
rPois   .          Reflect  .    (helmet restricted)
rElec   +          Harm     .    y - +1 cloak of Nilisiesh {rN+}
rCorr   .          Rampage  .    k - +0 pair of gloves
Will    +....                    u - +1 pair of boots
Stlth   ..........               t - amulet of guardian spirit
HPRegen 0.37/turn                m - ring of magical power
MPRegen 0.17/turn                K - +4 ring of evasion

@: about to teleport
A: horns 2, retaliatory headbutt, iridescent scales 1, clumsy 1, cold resistance
1, high MP 1, electricity resistance
a: Renounce Religion, Potion Petition, Call Merchant, Bribe Branch


You were on level 3 of the Lair of Beasts.
You worshipped Gozag.
Gozag was pleased with you.
You visited 3 branches of the dungeon, and saw 13 of its levels.
You also visited: Sewer.

You collected 1682 gold pieces.
You spent 704 gold pieces at shops.
You paid 117 gold pieces to Gozag.

Inventory:

Hand Weapons
 J - the +5 scythe "Finisher" (weapon) {speed, eviscerate}
   (You bought it in a shop on level 2 of the Dungeon)

   Attacks with this weapon are significantly faster.
   It may eviscerate those it strikes, slaying them instantly, with a decreasing
   chance against stronger foes.
Missiles
 e - 164 stones
 o - 2 throwing nets
 q - 9 poisoned darts (quivered)
Armour
 k - a +0 pair of gloves (worn)
 u - a +1 pair of boots (worn)
 y - the +1 cloak of Nilisiesh (worn) {rN+}
   (You found it on level 5 of the Dungeon)

   rN:        It protects you from negative energy.
 D - the +6 ring mail of Slovenliness (worn) {Will+}
   (You found it on level 4 of the Dungeon)

   Will:      It increases your willpower.
Jewellery
 c - a ring of positive energy
 m - a ring of magical power (left hand)
 t - an amulet of guardian spirit (around neck)
 K - a +4 ring of evasion (right hand)
Wands
 a - a wand of paralysis (4)
 n - a wand of roots (6)
 I - a wand of polymorph (7)
 L - a wand of flame (13)
Scrolls
 b - 3 scrolls of fog
 d - a scroll of acquirement
 f - a scroll of enchant armour {unknown}
 i - a scroll of silence {unknown}
 p - a scroll of summoning
 r - 2 scrolls of magic mapping
 s - a scroll of noise {unknown}
 w - a scroll of brand weapon {unknown}
 x - 3 scrolls of teleportation
 A - 5 scrolls of fear {unknown}
 E - a scroll of immolation
 F - 2 scrolls of poison {unknown}
Potions
 g - 4 potions of flight
 h - 4 potions of degeneration
 j - 11 potions of curing
 l - 3 potions of haste
 v - a potion of invisibility
 z - 2 potions of brilliance
 B - 2 potions of lignification
 G - a potion of heal wounds
Miscellaneous
 H - a phantom mirror


   Skills:
 + Level 10.3 Fighting
 - Level 15.0 Polearms
 - Level 5.0 Throwing
 + Level 10.3 Armour
 - Level 3.6 Shields
 + Level 9.1 Evocations


You had 11 spell levels left.
You didn't know any spells.
Your spell library contained the following spells:

 Spells                   Type           Power      Damage    Failure   Level
 Sandblast                Erth           0%         2d4       58%         1
 Ensorcelled Hibernation  Hex/Ice        0%         N/A       73%         2
 Passwall                 Tmut/Erth      0%         N/A       73%         2
 Inner Flame              Hex/Fire       0%         N/A       91%         3
 Spider Form              Tmut/Pois      0%         N/A       91%         3
 Stone Arrow              Conj/Erth      0%         3d7       91%         3
 Vhi's Electric Charge    Tloc/Air       0%         N/A       91%         3
 Anguish                  Hex/Necr       0%         N/A       100%        4
 Animate Armour           Summ/Erth      0%         N/A       100%        4
 Flame Wave               Conj/Fire      0%         2d4       100%        4
 Sticky Flame             Conj/Fire      0%         2d3       100%        4
 Arcjolt                  Conj/Air       0%         1d10      100%        5
 Lehudib's Crystal Spear  Conj/Erth      0%         10d2      100%        8
 Maxwell's Capacitive Co  Air            0%         ∞         100%        8


Dungeon Overview and Level Annotations

Branches:
Dungeon (9/15)             Temple (1/1) D:6            Lair (3/5) D:8
  Swamp (0/4) Lair:2       Spider (0/4) Lair:2        Sewer (visited)
    Orc: D:9-12

Altars:
Ashenzari
Cheibriados
Dithmenos
Elyvilon
Fedhas
Gozag
Hepliaklqana
Kikubaaqudgha
Makhleb
Nemelex Xobeh
Okawaru
Qazlal
Ru
Sif Muna
Trog
Uskayaw
Vehumet
Wu Jian
Xom
Yredelemnul
Zin
The Shining One

Shops:
D:1 !   D:2 (   D:6 [

Annotations:
Lair:3 exclusion: oklob plant


Innate Abilities, Weirdness & Mutations

You have a pair of horns on your head.
You reflexively headbutt those who attack you in melee.
You are partially covered in iridescent scales. (AC +2)
You are clumsy. (Dex -2)
Your flesh is cold resistant. (rC+)
You have an increased reservoir of magic. (+10% MP)
You are resistant to electric shocks. (rElec)


Message History

The eight-headed hydra bites you.
The eight-headed hydra bites you but does no damage.
The eight-headed hydra closely misses you.
The eight-headed hydra bites you but does no damage. x2
The eight-headed hydra bites you.
The blink frog blinks!
The komodo dragon barely misses you.
Aiming: Mindburst
Press: ? - help, Shift-Dir - straight line, f - eight-headed hydra, p - blink frog
Aim: an eight-headed hydra (lightly wounded, chance to affect: 62%)
The eight-headed hydra resists with significant effort.
The now-empty wand crumbles to dust.
The blink frog blinks!
The blink frog hits you but does no damage.
The eight-headed hydra bites you! x2; The eight-headed hydra bites you.
* * * LOW HITPOINT WARNING * * *
The eight-headed hydra bites you.
* * * LOW HITPOINT WARNING * * *
The eight-headed hydra bites you.
* * * LOW HITPOINT WARNING * * *
The eight-headed hydra barely misses you.
The eight-headed hydra misses you.
The eight-headed hydra closely misses you.
The komodo dragon barely misses you.
The blink frog blinks!
The blink frog attacks as you move away!
The blink frog hits you.
* * * LOW HITPOINT WARNING * * *
The blink frog misses you.
The blink frog blinks!
The blink frog barely misses you. You furiously retaliate!
You headbutt the blink frog!
As you read the scroll of teleportation, it crumbles to dust.
You feel strangely unstable.
The blink frog blinks!
The blink frog hits you!
* * * LOW HITPOINT WARNING * * *
The blink frog blinks!
The eight-headed hydra bites you.
* * * LOW HITPOINT WARNING * * *
The eight-headed hydra bites you but does no damage.
The eight-headed hydra bites you!
* * * LOW HITPOINT WARNING * * *
The eight-headed hydra bites you but does no damage.
The eight-headed hydra bites you.
You die...
Your body crumbles into a pile of gold.

...##...######..# ...
....#...##......# .....#
....#...#P......##......#...
................#P.....#....
........#P.........$..F....
........♣♣♣♣#...##.....#..
..P#P♣.♣§♣ ♣...#.F.....#
♣.♣P♣.)8§§§♣§♣...§F..$.#####.#
P♣♣♣..).P♣♣§♣♣♣.@§......[.....
P♣♣♣.♣♣.♣P♣P.♣.♣lD............
.P..♣♣♣..♣♣ .P.♣♣.............
.♣.♣♣.♣ ♣.♣.♣ ♣§....$.......
...⌠P.. ........F....##....#.
....... .. .............##...#
...8... . ....P...F....[# ..#.
P..P♣♣. ♣♣..♣.♣♣......## #.#
.P♣♣P.♣ ♣♣.. #♣......# #.


You could see an eight-headed hydra, a komodo dragon and 5 blink frogs.

Vanquished Creatures
  2 hydras (Lair:2)
  A catoblepas (Lair:1)
  A boulder beetle (D:7)
  2 two-headed ogres (D:9)
  Erica (D:8)
  Pikel (D:7)
  Joseph (D:8)
  7 cane toads
  2 torpor snails (Lair:2)
  Psyche (D:8)
  4 komodo dragons
  A hornet (D:8)
  4 blink frogs (Lair:1)
  2 wyverns
  2 basilisks
  14 yaks
  A steam dragon (D:7)
  2 wargs (D:8)
  2 swamp worms (Lair:2)
  6 water moccasins
  Pargi (Sewer)
  2 orc warriors (D:8)
  An ice beast (D:6)
  A sky beast (D:7)
  2 black bears
  4 ogres
  3 centaurs
  8 wolves
  A phantom (D:5)
  A kobold brigand (D:7)
  10 bullfrogs
  A necrophage (D:5)
  3 scorpions
  3 wights (D:7)
  3 killer bees (D:9)
  An electric eel (D:6)
  12 howler monkeys
  A lava snake (D:8)
  2 gnoll boudas
  A hound (D:3)
  3 orc priests
  2 jellies
  2 iguanas
  Natasha (twice) (D:2)
  2 orc wizards (D:8)
  6 adders
  12 gnolls
  2 shadow imps
  A white imp (D:7)
  An ufetubus (D:6)
  5 worms
  3 dart slugs
  19 orcs
  6 ball pythons
  5 endoplasms
  5 giant cockroaches
  7 goblins
  4 hobgoblins
  6 jackals
  4 quokkas
  2 bats
  5 frilled lizards
  15 kobolds
  A rat (D:2)
238 creatures vanquished.

Vanquished Creatures (others)
  5 fungi
  11 plants
16 creatures vanquished.

Grand Total: 254 creatures vanquished

Notes
Turn   | Place    | Note
-------+----------+-------------------------------------------
     0 | D:1      | NinjaNoafa the Minotaur Fighter began the quest for the
                  | Orb.
     0 | D:1      | Reached XP level 1. HP: 19/19 MP: 0/0
   206 | D:1      | Reached skill level 3 in Polearms
   379 | D:1      | Reached XP level 2. HP: 24/26 MP: 1/1
   628 | D:1      | Found Ruesoj's Distillery.
   947 | D:2      | Reached skill level 4 in Polearms
   959 | D:2      | Reached XP level 3. HP: 23/31 MP: 2/2
  1003 | D:2      | Found Piori's Antique Weapon Shop.
  1303 | D:2      | Reached skill level 5 in Polearms
  1383 | D:2      | Noticed Natasha
  1390 | D:2      | Killed Natasha
  1391 | D:2      | Reached XP level 4. HP: 33/39 MP: 3/3
  1481 | D:3      | Reached skill level 6 in Polearms
  1666 | D:3      | Reached XP level 5. HP: 45/45 MP: 4/4
  2104 | D:3      | Found a white marble altar of Elyvilon.
  2305 | D:3      | Found a sacrificial altar of Ru.
  2499 | D:4      | Noticed an ogre
  2506 | D:4      | Killed an ogre
  2507 | D:4      | Reached skill level 7 in Polearms
  2508 | D:4      | Found a glowing silver altar of Zin.
  2521 | D:4      | Found a shimmering blue altar of Sif Muna.
  2527 | D:4      | Noticed an ogre
  2531 | D:4      | Reached XP level 6. HP: 53/53 MP: 5/5
  2566 | D:4      | You fall into a shaft and drop 1 floor!
  2566 | D:5      | Entered Level 5 of the Dungeon
  2602 | D:5      | Reached skill level 5 in Fighting
  2602 | D:5      | Reached skill level 5 in Armour
  2612 | D:5      | Reached XP level 7. HP: 47/61 MP: 6/6
  2853 | D:5      | Identified the +1 cloak of Nilisiesh {rN+}
  3005 | D:4      | Found a glowing drain.
  3009 | Sewer    | Entered a sewer
  3085 | Sewer    | Noticed Pargi
  3102 | Sewer    | Killed Pargi
  3336 | D:4      | Reached skill level 1 in Throwing
  3363 | D:4      | Identified the +6 ring mail of Slovenliness {Will+}
  3944 | D:4      | Reached XP level 8. HP: 62/73 MP: 7/7
  4533 | D:6      | Found Rubreof's Antique Armour Emporium.
  4738 | D:6      | Found an ancient bone altar of Kikubaaqudgha.
  4746 | D:6      | Found a burning altar of Makhleb.
  4979 | D:6      | Found a radiant altar of Vehumet.
  5039 | D:6      | Reached skill level 5 in Throwing
  5357 | D:6      | Found a staircase to the Ecumenical Temple.
  5551 | Temple   | Entered the Ecumenical Temple
  5781 | D:7      | Noticed Pikel
  5795 | D:7      | Killed Pikel
  5796 | D:7      | Reached skill level 9 in Polearms
  5796 | D:7      | Reached XP level 9. HP: 25/79 MP: 6/8
  5799 | D:7      | Reached skill level 10 in Polearms
  6180 | D:7      | Reached skill level 11 in Polearms
  6307 | D:7      | Found an opulent altar of Gozag.
  6394 | D:7      | Became a worshipper of Gozag Ym Sagoz the Greedy
  6416 | D:7      | Found a hide-covered altar of Uskayaw.
  6481 | D:7      | Found a shadowy altar of Dithmenos.
  6481 | D:7      | Found a bloodstained altar of Trog.
  6842 | D:7      | Noticed a boulder beetle
  6868 | D:7      | Killed a boulder beetle
  7572 | D:8      | Reached XP level 10. HP: 81/91 MP: 9/9
  7794 | D:8      | Found a staircase to the Lair.
  7810 | D:8      | Noticed Erica
  7825 | D:8      | Killed Erica
  7826 | D:8      | Reached skill level 12 in Polearms
  8002 | D:8      | Found a stormy altar of Qazlal.
  8058 | D:8      | Reached skill level 13 in Polearms
  8616 | D:8      | Noticed Psyche
  8622 | D:8      | Killed Psyche
  8718 | D:8      | Noticed Joseph
  8734 | D:8      | Killed Joseph
  8899 | D:2      | Bought the +5 scythe "Finisher" {speed, eviscerate} for 704
                  | gold pieces
  8899 | D:2      | Found the +5 scythe "Finisher" {speed, eviscerate}
  8907 | D:2      | Noticed Natasha
  8912 | D:2      | Killed Natasha
  9230 | D:9      | Noticed a two-headed ogre
  9238 | D:9      | Killed a two-headed ogre
  9239 | D:9      | Reached skill level 14 in Polearms
  9401 | D:9      | Reached skill level 15 in Polearms
  9409 | D:9      | Reached skill level 1 in Evocations
  9506 | D:9      | Paralysed by a hornet for 1 turns
  9527 | D:9      | Reached XP level 11. HP: 42/97 MP: 10/10
  9527 | D:9      | Noticed a two-headed ogre
  9535 | D:9      | Killed a two-headed ogre
  9587 | Lair:1   | Entered Level 1 of the Lair of Beasts
  9832 | Lair:1   | Reached skill level 5 in Evocations
  9911 | Lair:1   | Gained mutation: You are partially covered in iridescent
                  | scales. (AC +2) [potion of mutation]
  9911 | Lair:1   | Gained mutation: You have hidden genetic potential. [potion
                  | of mutation]
  9914 | Lair:1   | Lost mutation: You have hidden genetic potential. [potion
                  | of mutation]
  9914 | Lair:1   | Lost mutation: You are partially covered in iridescent
                  | scales. (AC +2) [potion of mutation]
  9914 | Lair:1   | Gained mutation: You are weak. (Str -2) [potion of
                  | mutation]
  9914 | Lair:1   | Gained mutation: Your flesh is cold resistant. (rC+)
                  | [potion of mutation]
  9914 | Lair:1   | Gained mutation: You are strong-willed. (Will+) [potion of
                  | mutation]
  9915 | Lair:1   | Lost mutation: You are strong-willed. (Will+) [potion of
                  | mutation]
  9915 | Lair:1   | Lost mutation: Your flesh is cold resistant. (rC+) [potion
                  | of mutation]
  9915 | Lair:1   | Lost mutation: You are weak. (Str -2) [potion of mutation]
  9915 | Lair:1   | Gained mutation: You are agile. (Dex +4, Str/Int -1)
                  | [potion of mutation]
  9915 | Lair:1   | Gained mutation: You are vulnerable to cold. (rC-) [potion
                  | of mutation]
  9915 | Lair:1   | Gained mutation: You expend magic power (3 MP) to
                  | strengthen your wands. [potion of mutation]
  9916 | Lair:1   | Lost mutation: You are vulnerable to cold. (rC-) [potion of
                  | mutation]
  9916 | Lair:1   | Lost mutation: You are agile. (Dex +4, Str/Int -1) [potion
                  | of mutation]
  9916 | Lair:1   | Gained mutation: You are resistant to electric shocks.
                  | (rElec) [potion of mutation]
  9916 | Lair:1   | Lost mutation: You expend magic power (3 MP) to strengthen
                  | your wands. [potion of mutation]
  9916 | Lair:1   | Gained mutation: You have hidden genetic defects. [potion
                  | of mutation]
  9916 | Lair:1   | Gained mutation: Your flesh is cold resistant. (rC+)
                  | [potion of mutation]
  9918 | Lair:1   | Noticed a catoblepas
  9931 | Lair:1   | Killed a catoblepas
 10383 | Lair:1   | Gained mutation: You have terrible hidden genetic defects.
                  | [hidden defects]
 11353 | Lair:2   | Gained mutation: You are clumsy. (Dex -2) [hidden defects]
 11353 | Lair:2   | Lost mutation: You have terrible hidden genetic defects.
                  | [hidden defects expressed]
 11992 | Lair:2   | Identified a scroll of acquirement
 11994 | Lair:2   | Found a hole to the Spider Nest.
 12015 | Lair:2   | Reached XP level 12. HP: 104/105 MP: 11/11
 12308 | Lair:2   | Noticed a five-headed hydra
 12308 | Lair:2   | Noticed a five-headed hydra
 12319 | Lair:2   | Killed a seven-headed hydra
 12327 | Lair:2   | Killed a five-headed hydra
 12328 | Lair:2   | Reached skill level 10 in Fighting
 12328 | Lair:2   | Reached skill level 10 in Armour
 12340 | Lair:2   | Gained mutation: Armour fits poorly on your strangely
                  | shaped body. [hidden defects]
 12503 | Lair:2   | Found a staircase to the Swamp.
 12520 | Lair:2   | Lost mutation: You have hidden genetic defects. [potion of
                  | mutation]
 12520 | Lair:2   | Lost mutation: Armour fits poorly on your strangely shaped
                  | body. [potion of mutation]
 12520 | Lair:2   | Gained mutation: You are partially covered in iridescent
                  | scales. (AC +2) [potion of mutation]
 12520 | Lair:2   | Gained mutation: You have an increased reservoir of magic.
                  | (+10% MP) [potion of mutation]
 12990 | Lair:3   | Noticed an eight-headed hydra
 13009 | Lair:3   | HP: 3/107 [eight-headed hydra (6)]
 13009 | Lair:3   | Slain by an eight-headed hydra

Illustrated notes

Levels and vault maps discovered:
D:1:      shiori_shiawase, layout_loops_corners, serial_shops,
          nicolae_shop_hallway_plus
D:2:      layout_basic, serial_shops, shop_statue, uniq_natasha
D:3:      layout_loops_cross, lemuel_tele_altar,
          mainiacjoe_overflow_surrounded_room, grunt_ministairs_15,
          hangedman_decor_growths
D:4:      layout_basic, zin_academy, mainiacjoe_overflow_paths,
          gup_sewer_entry_bowl
D:5:      layout_cave_pools
D:6:      layout_basic, mainiacjoe_overflow_alcove_4,
          mainiacjoe_overflow_catch_the_wave,
          minmay_temple_entry_gardened_gates, serial_shops, nicolae_shop_stone
D:7:      layout_basic, gammafunk_temple_overflow_pools,
          grunt_gozag_breadcrumbs, nicolae_uskayaw_suspiria, uniq_pikel
D:8:      layout_loops_corners, mainiacjoe_overflow_concentric_impassable,
          erik_lair_orcish_takeover, grunt_ministairs_13,
          amcnicky_mini_corridor_feature, kennysheep_generic_room_16,
          uniq_psyche, uniq_erica, uniq_joseph
D:9:      layout_loops_cross, serial_aquarium, aquarium_bridge_straight
          [aquarium_subvault_bridge, aquarium_subvault_wall,
          aquarium_subvault_bridge, aquarium_subvault_balcony],
          aquarium_window_3, aquarium_window_1, aquarium_view_2b,
          aquarium_view_2b, aquarium_pool_corner
Temple:   nicolae_temple_bog_church
Lair:1:   layout_long_grid, grunt_megastairs_2
Lair:2:   layout_cave_pods, palyth_hydra_swamp_entry,
          nicolae_spider_entry_non_spiders, nicolae_lair_lil_pond,
          grunt_megastairs_1
Lair:3:   layout_regular_city, wad_woods_road_01, beast_lair_carwin_4

Skill      XL: |  1  2  3  4  5  6  7  8  9 10 11 12 |
---------------+-------------------------------------+-----
Polearms       | 3 4 5 6 7 9 11 15 | 15.0
Fighting       | 4 5 7 9 10 | 10.3
Armour         | 4 6 7 9 10 | 10.3
Throwing       | 2 5 |  5.0
Evocations     | 2 9 |  9.1
Shields        | |  3.6

Action                   |  1- 3 |  4- 6 |  7- 9 | 10-12 || total
-------------------------+-------+-------+-------+-------++-------
Melee: Trident           |    70 |    66 |   224 |   118 ||   478
       Headbutt          |     9 |     9 |    37 |    64 ||   119
       Scythe            |       |       |       |   218 ||   218
Throw: Boomerang         |     3 |       |    65 |       ||    68
Evoke: Wand              |       |       |       |    15 ||    15
  Use: Potion            |       |     1 |     4 |     7 ||    12
       Scroll            |       |       |    13 |     7 ||    20
 Stab: Distracted        |       |       |     1 |     2 ||     3
       Invisible         |       |       |       |     2 ||     2
Armor: Scale mail        |    21 |     8 |       |       ||    29
       Chain mail        |       |    16 |    68 |       ||    84
       Ring mail         |       |       |   106 |   204 ||   310
Dodge: Dodged            |    22 |    28 |   119 |   230 ||   399
Block: Buckler           |    12 |    12 |    73 |    21 ||   118

Table legend: (Time is in decaauts)
 A = Elapsed time spent in this place.
 B = Non-inter-level travel time spent in this place.
 C = Inter-level travel time spent in this place.
 D = Time resting spent in this place.
 E = Time spent auto-exploring this place.
 F = Levels seen in this place.
 G = Mean time per level.
                   A        B        C        D        E       F      G
               +--------+--------+--------+--------+--------+-----+--------+
         Total |  13027 |  11816 |   1211 |      0 |   9950 |  14 |  930.5 |
       Dungeon |   9148 |   8067 |   1081 |      0 |   6682 |   9 | 1016.4 |
        Temple |    214 |    183 |     31 |      0 |    162 |   1 |  214.0 |
          Lair |   3409 |   3310 |     99 |      0 |   2914 |   3 | 1136.3 |
         Sewer |    254 |    254 |      0 |      0 |    190 |   1 |  254.0 |
               +--------+--------+--------+--------+--------+-----+--------+

Top non-repeatable levels by time:
     D:8: 1815 daAuts
  Lair:2: 1765 daAuts
  Lair:1: 1348 daAuts
     D:7: 1348 daAuts
     D:6: 1183 daAuts
     D:4: 1175 daAuts
     D:1: 1016 daAuts
     D:3: 910 daAuts
     D:5: 681 daAuts
     D:2: 662 daAuts
     D:9: 355 daAuts
  Lair:3: 294 daAuts
   Sewer: 254 daAuts
  Temple: 214 daAuts
